TOP OF THE 1ST |
Wichita State University Shockers batting - Pitching for Pennsylvania State University Nittany Lions : LHP Yari Rono
|
Pitching: LHP Yari Rono
|
|
Batting: RHB Kyle Gill
|
0-0: Called Strike 0-1: Foul Ball, location: 2F 0-2: Ball 1-2: Ball 2-2: Ball 3-2: Strikes out swinging
|
Batting: SHB Peter Faggard
|
0-0: Called Strike 0-1: Ground out U3 (Groundball, 34, EV 87.5 MPH)
|
Batting: RHB Byron Whitehead
|
0-0: Foul Ball, location: 2F 0-1: Swinging Strike 0-2: Ball 1-2: Fly out, F9 (Flyball, 9D, EV 104.4 MPH)
|
Top of the 1st over - 0 runs, 0 hits, 0 errors, 0 left on base; Wichita State University 0 - Pennsylvania State University 0 |
BOTTOM OF THE 1ST |
Pennsylvania State University Nittany Lions batting - Pitching for Wichita State University Shockers : RHP Kyle Gray
|
Pitching: RHP Kyle Gray
|
|
Batting: RHB Francisco Velazquez
|
0-0: Fly out, F9 (Line Drive, 89D, EV 91.9 MPH)
|
Batting: RHB Pete Martin
|
0-0: Ball 1-0: Called Strike 1-1: Fly out, F9 (Flyball, 89M, EV 82.5 MPH)
|
Batting: RHB Josh Ebeling
|
0-0: Ball 1-0: Called Strike 1-1: Foul Ball, location: 2F 1-2: Strikes out looking
|
Bottom of the 1st over - 0 runs, 0 hits, 0 errors, 0 left on base; Wichita State University 0 - Pennsylvania State University 0 |
TOP OF THE 2ND |
Wichita State University Shockers batting - Pitching for Pennsylvania State University Nittany Lions : LHP Yari Rono
|
Batting: LHB Carlos Flores
|
0-0: Swinging Strike 0-1: Swinging Strike 0-2: Ball 1-2: Fly out, F9 (Flyball, 89S, EV 76.9 MPH)
|
Batting: RHB Jordan Carr
|
0-0: Foul Ball, location: 2F 0-1: Ground out 4-3 (Groundball, 4, EV 98.1 MPH)
|
Batting: LHB Kyle Lee
|
0-0: Ball 1-0: Ball 2-0: Called Strike 2-1: Ball 3-1: Foul Ball, location: 2F 3-2: Foul Ball, location: 2F 3-2: Ground out 4-3 (Groundball, 34D, EV 101.9 MPH)
|
Top of the 2nd over - 0 runs, 0 hits, 0 errors, 0 left on base; Wichita State University 0 - Pennsylvania State University 0 |
BOTTOM OF THE 2ND |
Pennsylvania State University Nittany Lions batting - Pitching for Wichita State University Shockers : RHP Kyle Gray
|
Batting: RHB Rob Hinojosa
|
0-0: Swinging Strike 0-1: Ground out 4-3 (Groundball, 6MD, EV 87.5 MPH)
|
Batting: RHB Victor Victorino
|
0-0: Ball 1-0: Swinging Strike 1-1: Foul Ball, location: 2F 1-2: Ball 2-2: Strikes out swinging
|
Batting: RHB Joe Strachan
|
0-0: Ball 1-0: Foul Ball, location: 2F 1-1: Ground out 6-3 (Groundball, 6, EV 83.1 MPH)
|
Bottom of the 2nd over - 0 runs, 0 hits, 0 errors, 0 left on base; Wichita State University 0 - Pennsylvania State University 0 |
TOP OF THE 3RD |
Wichita State University Shockers batting - Pitching for Pennsylvania State University Nittany Lions : LHP Yari Rono
|
Batting: RHB Jeff Grant
|
0-0: Called Strike 0-1: Ball 1-1: Fly out, F9 (Flyball, 9S, EV 95.0 MPH)
|
Batting: LHB Troy Davies
|
0-0: Ball 1-0: DOUBLE (Line Drive, 89D, EV 111.9 MPH)
|
Batting: RHB Larry Hogue
|
0-0: Foul Ball, location: 2F 0-1: Foul Ball, location: 2F 0-2: Ball 1-2: Strikes out looking
|
Batting: RHB Kyle Gill
|
0-0: Ball 1-0: Ball 2-0: Swinging Strike 2-1: Ball 3-1: Swinging Strike 3-2: Foul Ball, location: 2F 3-2: Foul Ball, location: 2F 3-2: Base on Balls
|
Batting: SHB Peter Faggard
|
0-0: Called Strike 0-1: Fly out, F9 (Flyball, 9S, EV 79.4 MPH)
|
Top of the 3rd over - 0 runs, 1 hit, 0 errors, 2 left on base; Wichita State University 0 - Pennsylvania State University 0 |
BOTTOM OF THE 3RD |
Pennsylvania State University Nittany Lions batting - Pitching for Wichita State University Shockers : RHP Kyle Gray
|
Batting: RHB James Steinmetz
|
0-0: Called Strike 0-1: Foul Ball, location: 2F 0-2: Ball 1-2: Strikes out looking
|
Batting: LHB Dan Lape
|
0-0: Called Strike 0-1: Foul Ball, location: 2F 0-2: Ball 1-2: Ball 2-2: Foul Ball, location: 2F 2-2: Foul Ball, location: 2F 2-2: SINGLE (Groundball, 34D, EV 95.0 MPH)
|
Batting: RHB Perry Brantley
|
0-0: Ball 1-0: Ball 2-0: Foul Ball, location: 2F 2-1: Ball 3-1: Base on Balls Dan Lape to second
|
Batting: RHB Francisco Velazquez
|
0-0: Called Strike 0-1: SINGLE (Line Drive, 78M, EV 88.1 MPH) Dan Lape to third Perry Brantley to second Runner from 3rd tries for Home, SAFE, throw by LF to home
|
Batting: RHB Pete Martin
|
0-0: Ball 1-0: Foul Ball, location: 2F 1-1: Ball 2-1: Ball 3-1: SINGLE (Groundball, 56D, EV 96.9 MPH) Perry Brantley to third Francisco Velazquez to second Runner from 3rd tries for Home, SAFE, throw by LF to home
|
Batting: RHB Josh Ebeling
|
0-0: Called Strike 0-1: Ball 1-1: Ball 2-1: Ball 3-1: Foul Ball, location: 2F 3-2: Fly out, F9 (Line Drive, 89M, EV 97.5 MPH)
|
Batting: RHB Rob Hinojosa
|
0-0: Ball 1-0: Ball 2-0: Ball 3-0: Called Strike 3-1: Called Strike 3-2: Strikes out swinging
|
Bottom of the 3rd over - 2 runs, 3 hits, 0 errors, 2 left on base; Wichita State University 0 - Pennsylvania State University 2 |
TOP OF THE 4TH |
Wichita State University Shockers batting - Pitching for Pennsylvania State University Nittany Lions : LHP Yari Rono
|
Batting: RHB Byron Whitehead
|
0-0: Called Strike 0-1: Ground out 1-3 (Groundball, 34S, EV 63.8 MPH)
|
Batting: LHB Carlos Flores
|
0-0: Ball 1-0: Called Strike 1-1: Ball 2-1: Ball 3-1: Foul Ball, location: 2F 3-2: Foul Ball, location: 2F 3-2: Fly out, F5 (Popup, 5F, EV 55.0 MPH)
|
Batting: RHB Jordan Carr
|
0-0: Ball 1-0: Called Strike 1-1: Called Strike 1-2: Foul Ball, location: 2F 1-2: Strikes out looking
|
Top of the 4th over - 0 runs, 0 hits, 0 errors, 0 left on base; Wichita State University 0 - Pennsylvania State University 2 |
BOTTOM OF THE 4TH |
Pennsylvania State University Nittany Lions batting - Pitching for Wichita State University Shockers : RHP Kyle Gray
|
Batting: RHB Victor Victorino
|
0-0: Ball 1-0: Fly out, F6 (Popup, 6M, EV 57.5 MPH)
|
Batting: RHB Joe Strachan
|
0-0: Ball 1-0: Ball 2-0: Foul Ball, location: 2F 2-1: Foul Ball, location: 2F 2-2: SINGLE (Groundball, 6MD, EV 106.9 MPH)
|
Batting: RHB James Steinmetz
|
0-0: Called Strike 0-1: Grounds into double play, 5-4-3 (Groundball, 56, EV 97.5 MPH)
|
Bottom of the 4th over - 0 runs, 1 hit, 0 errors, 0 left on base; Wichita State University 0 - Pennsylvania State University 2 |
TOP OF THE 5TH |
Wichita State University Shockers batting - Pitching for Pennsylvania State University Nittany Lions : LHP Yari Rono
|
Batting: LHB Kyle Lee
|
0-0: Ball 1-0: Foul Ball, location: 2F 1-1: Ball 2-1: Reached on error, E6 (Groundball, 6, EV 83.1 MPH)
|
Batting: RHB Jeff Grant
|
0-0: Ball 1-0: Foul Ball, location: 2F 1-1: Foul Ball, location: 2F 1-2: Ball 2-2: Ground out 5-3 (Groundball, 5S, EV 68.8 MPH) Kyle Lee to third
|
Batting: LHB Troy Davies
|
0-0: SINGLE (Groundball, 4M, EV 98.1 MPH) Kyle Lee scores
|
Batting: RHB Larry Hogue
|
0-0: Ball 1-0: Foul Ball, location: 2F 1-1: Fly out, F8 (Flyball, 78D, EV 97.5 MPH)
|
Batting: RHB Kyle Gill
|
0-0: Called Strike 0-1: Foul Ball, location: 2F 0-2: Strikes out looking
|
Top of the 5th over - 1 run, 1 hit, 1 error, 1 left on base; Wichita State University 1 - Pennsylvania State University 2 |
BOTTOM OF THE 5TH |
Pennsylvania State University Nittany Lions batting - Pitching for Wichita State University Shockers : RHP Kyle Gray
|
Batting: LHB Dan Lape
|
0-0: Called Strike 0-1: Ball 1-1: Ball 2-1: Ball 3-1: Base on Balls
|
Batting: RHB Perry Brantley
|
0-0: Called Strike 0-1: Ball 1-1: Foul Ball, location: 2F 1-2: Strikes out swinging
|
Batting: RHB Francisco Velazquez
|
0-0: Ball 1-0: Ball 2-0: Called Strike 2-1: Foul Ball, location: 2F 2-2: Foul Ball, location: 2F 2-2: Foul Ball, location: 2F 2-2: Fly out, F9 (Flyball, 89M, EV 86.9 MPH)
|
Batting: RHB Pete Martin
|
0-0: Ball 1-0: Ball 2-0: Swinging Strike 2-1: Foul Ball, location: 2F 2-2: SINGLE (Line Drive, 8RS, EV 92.5 MPH) Dan Lape to second
|
Pitching: LHP Ernesto Ruiz
|
|
Batting: RHB Josh Ebeling
|
0-0: Called Strike 0-1: Ball 1-1: Ball 2-1: Called Strike 2-2: Foul Ball, location: 2F 2-2: Ball 3-2: Base on Balls Dan Lape to third Pete Martin to second
|
Batting: RHB Rob Hinojosa
|
0-0: Ball 1-0: Called Strike 1-1: Swinging Strike 1-2: Foul Ball, location: 2F 1-2: Ball 2-2: Foul Ball, location: 2F 2-2: Ball 3-2: Foul Ball, location: 2F 3-2: Base on Balls Dan Lape scores Pete Martin to third Josh Ebeling to second
|
Batting: RHB Victor Victorino
|
0-0: Ball 1-0: Ball Wild Pitch! Pete Martin scores Josh Ebeling to third Rob Hinojosa to second 2-0: Ball 3-0: Called Strike 3-1: Foul Ball, location: 2F 3-2: Foul Ball, location: 2F 3-2: Fly out, F8 (Line Drive, 8LM, EV 92.5 MPH)
|
Bottom of the 5th over - 2 runs, 1 hit, 0 errors, 2 left on base; Wichita State University 1 - Pennsylvania State University 4 |
TOP OF THE 6TH |
Wichita State University Shockers batting - Pitching for Pennsylvania State University Nittany Lions : LHP Yari Rono
|
Batting: SHB Peter Faggard
|
0-0: Called Strike 0-1: Ball 1-1: Ball 2-1: Foul Ball, location: 2F 2-2: Foul Ball, location: 2F 2-2: Foul Ball, location: 2F 2-2: Ground out 4-3 (Groundball, 4M, EV 85.6 MPH)
|
Pitching: RHP Velimir Danicic
|
|
Batting: RHB Byron Whitehead
|
0-0: Foul Ball, location: 2F 0-1: Called Strike 0-2: Ball 1-2: Ball 2-2: Ball 3-2: Strikes out swinging
|
Batting: LHB Carlos Flores
|
0-0: Foul Ball, location: 2F 0-1: Ball 1-1: Ball 2-1: Called Strike 2-2: Ground out 4-3 (Groundball, 4, EV 93.8 MPH)
|
Top of the 6th over - 0 runs, 0 hits, 0 errors, 0 left on base; Wichita State University 1 - Pennsylvania State University 4 |
BOTTOM OF THE 6TH |
Pennsylvania State University Nittany Lions batting - Pitching for Wichita State University Shockers : LHP Ernesto Ruiz
|
Pitching: RHP Ryan Chase
|
|
Batting: RHB Joe Strachan
|
0-0: Ball 1-0: Ground out 6-3 (Groundball, 6, EV 88.1 MPH)
|
Batting: RHB James Steinmetz
|
0-0: SINGLE (Line Drive, 9S, EV 90.6 MPH)
|
Batting: LHB Dan Lape
|
0-0: Foul Ball, location: 2F 0-1: Called Strike 0-2: Foul Ball, location: 2F 0-2: Fly out, F6 (Line Drive, 6M, EV 66.9 MPH)
|
Batting: RHB Perry Brantley
|
0-0: Called Strike 0-1: Ball 1-1: Ball 2-1: Foul Ball, location: 2F 2-2: Fielders Choice at 2nd, 6-4 (Groundball, 6, EV 101.2 MPH)
|
Bottom of the 6th over - 0 runs, 1 hit, 0 errors, 1 left on base; Wichita State University 1 - Pennsylvania State University 4 |
TOP OF THE 7TH |
Wichita State University Shockers batting - Pitching for Pennsylvania State University Nittany Lions : RHP Velimir Danicic
|
Pitching: RHP Hector Guzman
|
|
Batting: RHB Jordan Carr
|
0-0: Foul Ball, location: 2F 0-1: Ball 1-1: Ball 2-1: Ground out 2-3 (Groundball, 2L, EV 66.2 MPH)
|
Batting: LHB Kyle Lee
|
0-0: Called Strike 0-1: Ball 1-1: Ball 2-1: Called Strike 2-2: Strikes out swinging
|
Batting: RHB Jeff Grant
|
0-0: Ball 1-0: Ball 2-0: Foul Ball, location: 2F 2-1: Swinging Strike 2-2: Foul Ball, location: 2F 2-2: Foul Ball, location: 2F 2-2: Ground out 6-3 (Groundball, 6M, EV 85.0 MPH)
|
Top of the 7th over - 0 runs, 0 hits, 0 errors, 0 left on base; Wichita State University 1 - Pennsylvania State University 4 |
BOTTOM OF THE 7TH |
Pennsylvania State University Nittany Lions batting - Pitching for Wichita State University Shockers : RHP Ryan Chase
|
Pitching: LHP Jacob Seymour
|
|
Batting: RHB Francisco Velazquez
|
0-0: Foul Ball, location: 2F 0-1: Ball 1-1: Ball 2-1: Foul Ball, location: 2F 2-2: SINGLE (Groundball, 5L, EV 108.8 MPH)
|
Batting: RHB Pete Martin
|
0-0: Called Strike 0-1: Called Strike 0-2: Ball 1-2: Foul Ball, location: 2F 1-2: Fly out, F3 (Popup, 3L, EV 67.5 MPH)
|
Batting: RHB Josh Ebeling
|
0-0: Foul Ball, location: 2F 0-1: Fly out, F8 (Line Drive, 89M, EV 103.1 MPH)
|
Batting: RHB Rob Hinojosa
|
0-0: Fly out, F9 (Flyball, 9D, EV 86.2 MPH)
|
Bottom of the 7th over - 0 runs, 1 hit, 0 errors, 1 left on base; Wichita State University 1 - Pennsylvania State University 4 |
TOP OF THE 8TH |
Wichita State University Shockers batting - Pitching for Pennsylvania State University Nittany Lions : RHP Hector Guzman
|
Pitching: LHP Roberto Mendez
|
|
Batting: LHB Troy Davies
|
0-0: Called Strike 0-1: Ball 1-1: Ball 2-1: Ball 3-1: Fly out, F5 (Popup, 56S, EV 88.8 MPH)
|
Pitching: RHP David Cantu
|
|
Batting: RHB Larry Hogue
|
0-0: Ball 1-0: Ball 2-0: Ball 3-0: Called Strike 3-1: Foul Ball, location: 2F 3-2: Fly out, F3 (Popup, 3S, EV 70.0 MPH)
|
Batting: RHB Kyle Gill
|
0-0: Swinging Strike 0-1: Swinging Strike 0-2: Strikes out swinging
|
Top of the 8th over - 0 runs, 0 hits, 0 errors, 0 left on base; Wichita State University 1 - Pennsylvania State University 4 |
BOTTOM OF THE 8TH |
Pennsylvania State University Nittany Lions batting - Pitching for Wichita State University Shockers : LHP Jacob Seymour
|
Batting: RHB Victor Victorino
|
0-0: Swinging Strike 0-1: Called Strike 0-2: Fly out, F7 (Flyball, 78S, EV 81.9 MPH)
|
Batting: RHB Joe Strachan
|
0-0: Called Strike 0-1: Ball 1-1: Called Strike 1-2: Fly out, F5 (Line Drive, 5L, EV 69.4 MPH)
|
Batting: RHB James Steinmetz
|
0-0: Fly out, F4 (Popup, 4M, EV 66.2 MPH)
|
Bottom of the 8th over - 0 runs, 0 hits, 0 errors, 0 left on base; Wichita State University 1 - Pennsylvania State University 4 |
TOP OF THE 9TH |
Wichita State University Shockers batting - Pitching for Pennsylvania State University Nittany Lions : RHP David Cantu
|
Pitching: RHP Preki Nedic
|
|
Batting: SHB Peter Faggard
|
0-0: Ground out 6-3 (Groundball, 6, EV 100.0 MPH)
|
Batting: RHB Byron Whitehead
|
0-0: Hit by Pitch
|
Batting: LHB Carlos Flores
|
0-0: Ball 1-0: Ball 2-0: Called Strike 2-1: Called Strike 2-2: Fly out, F9 (Line Drive, 9S, EV 112.5 MPH)
|
Batting: RHB Jordan Carr
|
0-0: Foul Ball, location: 2F 0-1: Ball 1-1: Ball 2-1: Called Strike 2-2: Fly out, F3 (Line Drive, 34, EV 64.4 MPH)
|
Top of the 9th over - 0 runs, 0 hits, 0 errors, 1 left on base; Wichita State University 1 - Pennsylvania State University 4 |
|